 Dungeon Crawl Stone Soup version 0.25-a0-287-g56a5b49 (webtiles) character file.

Game seed: 6054352483580645218, levelgen mode: deterministic

46 Charmandara the Magician (level 3, -3/24 HPs)
             Began as a Demonspawn Wizard on Dec 13, 2019.
             Slain by a centaur skeleton (6 damage)
             ... on level 3 of the Dungeon.
             The game lasted 00:03:23 (1690 turns).

Charmandara the Magician (Demonspawn Wizard)        Turns: 1690, Time: 00:03:24

Health: -3/24      AC:  2    Str:  7    XL:     3   Next: 44%
Magic:  3/7        EV: 12    Int: 20    God:
Gold:   50         SH:  0    Dex: 11    Spells: 0/8 levels left

rFire    . . .     SeeInvis .   i - +0 quarterstaff
rCold    . . .     Gourm    .   (shield currently unavailable)
rNeg     . . .     Faith    .   a - +0 robe
rPois    .         Spirit   .   b - +0 hat
rElec    .         Reflect  .   (no cloak)
rCorr    .         Harm     .   (no gloves)
MR       .....                  (no boots)
Stlth    ++........             (no amulet)
HPRegen  0.08/turn              (no ring)
MPRegen  0.10/turn              (no ring)

@: no status effects
A: antennae 1
a: no special abilities


You were on level 3 of the Dungeon.
You were hungry.

You visited 1 branch of the dungeon, and saw 3 of its levels.

You collected 50 gold pieces.

Inventory:

Hand Weapons
 f - a +0 dagger
   (You took it off a goblin on level 1 of the Dungeon)
 i - a +0 quarterstaff (weapon)
   (You found it on level 2 of the Dungeon)
Armour
 a - a +0 robe (worn)
 b - a +0 hat (worn)
Scrolls
 c - 2 scrolls of identify {unknown}
Potions
 e - a potion of mutation {unknown}
 h - a potion of cancellation {unknown}
 j - a potion of heal wounds {unknown}
Comestibles
 d - 4 rations
 g - 3 chunks of flesh {@w0}


   Skills:
 - Level 1.7 Dodging
 - Level 1.7 Stealth
 - Level 3.0 Spellcasting
 - Level 3.0 Conjurations
 + Level 1.8 Summonings
 - Level 0.8 Translocations


You couldn't memorise any spells.
You knew the following spells:

 Your Spells              Type           Power        Failure   Level  Hunger
a - Magic Dart            Conj           ###.         4%          1    None
b - Blink                 Tloc           N/A          16%         2    ##.....
c - Call Imp              Summ           ##......     11%         2    ##.....
x - Mephitic Cloud        Conj/Pois/Air  #.......     28%         3    ###....

Your spell library contained the following spells:

 Spells                   Type           Power        Failure   Level  Hunger
 Slow                     Hex            #.......     22%         2    ##.....
 Conjure Flame            Conj/Fire      #.......     22%         3    ###....


Dungeon Overview and Level Annotations

Branches:
Dungeon (3/15)

Altars:


Innate Abilities, Weirdness & Mutations

You have a pair of small antennae on your head.


Message History

You see here a giant cockroach corpse.
You butcher the giant cockroach corpse.
g - a chunk of flesh {@w0} You see here a giant cockroach corpse.
You butcher the giant cockroach corpse.
g - 2 chunks of flesh {@w0} (gained 1) 3 giant cockroaches come into view.
Things that are here:
a giant cockroach corpse x2
You butcher the giant cockroach corpse.
Things that are here:
a chunk of flesh {@w0}; a giant cockroach corpse
There are monsters nearby!
Aim: a giant cockroach The magic dart hits the giant cockroach but does no damage.
You now have 4/7 mp.
A beastly little devil appears in a puff of flame.
You now have 2/7 mp.
A giant cockroach comes into view.
The giant cockroach barely misses you.
Your crimson imp blinks!
A beastly little devil appears in a puff of frigid air.
The giant cockroach closely misses you.
You now have 0/7 mp.
Unknown command.
You hit the giant cockroach.
You kill the giant cockroach!
The giant cockroach barely misses you. The giant cockroach bites you.
The giant cockroach closely misses you.
You take 1 damage, and have 21/24 hp.
You sock the giant cockroach!
You kill the giant cockroach!
The giant cockroach misses you.
Your crimson imp blinks!
Your white imp gestures at the giant cockroach.
The puff of frost hits the giant cockroach.
The giant cockroach dies!
Your crimson imp blinks!
You see here a giant cockroach corpse.
Your crimson imp blinks!
You barely miss the giant cockroach.
The giant cockroach completely misses you.
The giant cockroach closely misses you.
You hit the giant cockroach.
The giant cockroach bites you but does no damage.
You completely miss the giant cockroach.
The giant cockroach bites you.
Your crimson imp hits the giant cockroach but does no damage.
Your white imp hits the giant cockroach.
Your white imp freezes the giant cockroach.
The giant cockroach dies!
You take 2 damage, and have 19/24 hp.
Unknown command.
e - a puce potion You now have 50 gold pieces (gained 17).
g - 3 chunks of flesh {@w0} (gained 1)
You see here a giant cockroach corpse.
There is a stone staircase leading up here.
Your white imp disappears in a puff of smoke!
You sense a monster nearby.
You regained 2 hp, and now have 22/24 hp.
You regained 2 mp, and now have 4/7 mp.
Your crimson imp disappears in a puff of smoke!
A giant cockroach comes into view.
A beastly little devil appears in a puff of flame.
You now have 3/7 mp.
The giant cockroach bites you but does no damage.
You barely miss the giant cockroach.
The giant cockroach barely misses you. x2
You hit the giant cockroach.
You kill the giant cockroach!
j - a fizzy golden potion You swap places.
An orc comes into view. It is wielding a +0 club.
The orc shouts!
You hear a shout!
An orc is nearby!
An orc and a skeleton come into view.
The orc shouts!
You hear a shout!
Your crimson imp blinks!
You closely miss the orc. The orc barely misses you.
You hit the orc. The orc hits you with a +0 falchion.
The orc hits you but does no damage.
An orc comes into view.
You take 2 damage, and have 21/24 hp.
A beastly little devil appears in a puff of flame.
The orc misses you. The orc hits you with a +0 club!
Your crimson imp hits the orc.
You take 7 damage, and have 14/24 hp.
MASSIVE DAMAGE!!
You now have 2/7 mp.
You are feeling hungry.
You closely miss the orc. The orc closely misses you.
The centaur skeleton barely misses you. The orc hits you with a +0 club.
Your crimson imp blinks!
Your crimson imp hits the centaur skeleton.
The orc hits you but does no damage. The centaur skeleton hits you!
* * * LOW HITPOINT WARNING * * *
You take 11 damage, and have 3/24 hp.
MASSIVE DAMAGE!!
The centaur skeleton hits you.
You die...

## #.. #...##
......##########
......o§5.......
.....o.oZ.##
.5..####@..######.
. #...........
#....###### #.#.##
#.#.# #.#.# #.#.#
#.#.# #.#.###


You could see 3 orcs, a centaur skeleton and a friendly crimson imp.

Vanquished Creatures
  4 dart slugs (D:1)
  7 giant cockroaches
  6 goblins (D:1)
  A hobgoblin (D:1)
  A ball python (D:1)
  6 bats
  3 frilled lizards
  3 kobolds
  2 rats (D:1)
33 creatures vanquished.

Vanquished Creatures (collateral kills)
  7 giant cockroaches (D:3)
7 creatures vanquished.

Grand Total: 40 creatures vanquished

Notes
Turn   | Place    | Note
-------+----------+-------------------------------------------
     0 | D:1      | Charmandara the Demonspawn Wizard began the quest for the
                  | Orb.
     0 | D:1      | Reached XP level 1. HP: 13/13 MP: 4/4
   329 | D:1      | Reached skill level 2 in Conjurations
   347 | D:1      | Gained mutation: You have a pair of small antennae on your
                  | head. [demonic ancestry]
   347 | D:1      | Reached XP level 2. HP: 19/19 MP: 0/6
   914 | D:1      | Learned a level 2 spell: Blink
   917 | D:1      | Learned a level 2 spell: Call Imp
  1228 | D:1      | HP: 2/19 [kobold/+0 dagger (4)]
  1238 | D:1      | Reached skill level 3 in Conjurations
  1238 | D:1      | Reached XP level 3. HP: 16/24 MP: 2/7
  1340 | D:1      | Learned a level 3 spell: Mephitic Cloud
  1689 | D:3      | HP: 3/24 [centaur skeleton (8)]
  1690 | D:3      | Slain by a centaur skeleton

Levels and vault maps discovered:
D:1:      mrwooster_arrival_arrow, layout_loops_corners, nrook_mini_backslash,
          minmay_misc_feat_enclosed, hangedman_decor_clover_reticule, hex_medium
D:2:      layout_basic, uniq_crazy_yiuf_cottage, uniq_robin
D:3:      minmay_roachtagon, layout_loops_ring, first_ration,
          fedhas_altar_fruit_tree

Skill      XL: |  1  2 |
---------------+-------+-----
Conjurations   | 2 3 |  3.0
Dodging        | |  1.7
Stealth        | |  1.7
Spellcasting   | |  3.0
Summonings     | |  1.8
Translocations | |  0.8

Action                   || total
-------------------------++-------
Melee: Dagger            ||    13
       Quarterstaff      ||    24
 Cast: Magic Dart        ||    63
       Call Imp          ||     5
  Use: Potion            ||     1
  Eat: Chunk             ||     2
Armor: Robe              ||    16
Dodge: Dodged            ||    81

Table legend:
 A = Non-vault XP
 B = Vault XP
 C = Vault XP percentage of total XP
 D = Non-vault monster count
 E = Vault monster count
 F = Vault count percentage of total count
                 A         B        C        D         E       F
            +---------+---------+-------+---------+---------+-------
      Total |      51 |      15 |  22.7 |      29 |      11 |  27.5
            +---------+---------+-------+---------+---------+-------
        D:1 |      40 |       0 |   0.0 |      22 |       0 |   0.0
        D:2 |       7 |       0 |   0.0 |       5 |       0 |   0.0
        D:3 |       4 |      15 |  78.9 |       2 |      11 |  84.6
            +---------+---------+-------+---------+---------+-------

Levels and vault maps discovered:
D:1:      mrwooster_arrival_arrow, layout_loops_corners, nrook_mini_backslash,
          minmay_misc_feat_enclosed, hangedman_decor_clover_reticule, hex_medium
D:2:      layout_basic, uniq_crazy_yiuf_cottage, uniq_robin
D:3:      minmay_roachtagon, layout_loops_ring, first_ration,
          fedhas_altar_fruit_tree

Table legend:
 A = Turns spent in this place as a percentage of turns spent in the entire game.
 B = Non-inter-level travel turns spent in this place as a percentage of non-inter-level travel turns spent in the entire game.
 C = Inter-level travel turns spent in this place as a percentage of turns spent in this place.
 D = Turns resting spent in this place as a percentage of non-inter-level travel turns spent in this place.
 E = Turns spent auto-exploring this place as a percentage of non-inter-level travel turns spent in this place.
 F = Non-inter-level travel turns spent in this place divided by the number of levels of this place that you've seen.
                   A       B       C       D       E      F
               +-------+-------+-------+-------+-------+----------------------
         Total | 100.0 | 100.0 |   6.7 |  28.9 |  50.7 | 525.7
       Dungeon | 100.0 | 100.0 |   6.7 |  28.9 |  50.7 | 525.7
               +-------+-------+-------+-------+-------+----------------------

Table legend:
 A = Kills in this place as a percentage of kills in entire the game.
 B = Kills by you in this place as a percentage of kills by you in the entire game.
 C = Kills by friends in this place as a percentage of kills by friends in the entire game.
 D = Other kills in this place as a percentage of other kills in the entire game.
 E = Experience gained in this place as a percentage of experience gained in the entire game.
 F = Experience gained in this place divided by the number of levels of this place that you have seen.
                   A       B       C       D       E      F
               +-------+-------+-------+-------+-------+----------------------
         Total | 100.0 | 100.0 | 100.0 |   N/A | 100.0 |  22.0
       Dungeon | 100.0 | 100.0 | 100.0 |   N/A | 100.0 |  22.0
               +-------+-------+-------+-------+-------+----------------------
